 Dungeon Crawl Stone Soup version 0.13.1-2-gfb2c2b7 (webtiles) character file.

116 Kae the Sneak (level 4, 0/21 HPs)
             Began as a Spriggan Enchanter on Dec 3, 2013.
             Succumbed to an adder's poison
             ... on Level 2 of the Dungeon.
             The game lasted 00:02:30 (1137 turns).

Kae the Sneak (Spriggan Enchanter)                  Turns: 1137, Time: 00:02:30

HP   0/21        AC  4     Str  5      XL: 4   Next: 15%
MP   1/12        EV 18     Int 16      God:
Gold 38          SH  0     Dex 16      Spells:  2 memorised,  4 levels left

Res.Fire  : . . .   See Invis. : +   a - +1 dagger {=f}
Res.Cold  : . . .   Warding    : .   b - +1 robe
Life Prot.: . . .   Conserve   : .   (shield restricted)
Res.Poison: .       Res.Corr.  : .   (helmet restricted)
Res.Elec. : .       Clarity    : .   l - +0 cloak
Sust.Abil.: . .     Spirit.Shd : .   (gloves unavailable)
Res.Mut.  : .       Stasis     : .   (boots unavailable)
Res.Rott. : .       Flight     : .   (no amulet)
Saprovore : . . .                    (no ring)
                                     (no ring)

@: mildly poisoned, very slightly contaminated, very quick, slightly resistant
to hostile enchantments, quite stealthy
A: unfitting armour, see invisible, herbivore 3, speed 3, slow metabolism 2
a: no special abilities


You were on level 2 of the Dungeon.
You were not hungry.

You visited 1 branch of the dungeon, and saw 2 of its levels.

You collected 18 gold pieces.

Inventory:

Hand weapons
 a - a +1,+1 dagger (weapon) {=f}
Missiles
 d - 36 darts (quivered)
Armour
 b - a +1 robe (worn)
 l - a +0 cloak (worn)
Scrolls
 f - a scroll of noise {unknown}
 g - a scroll of magic mapping {unknown}
 h - a scroll of teleportation {unknown}
 i - a scroll of recharging {unknown}
 j - a scroll of remove curse {unknown}
 n - a scroll of identify {unknown}
Potions
 e - a potion of porridge
 k - 2 potions of curing {unknown}
 m - a potion of poison {unknown}
Books
 c - a book of Maledictions

   Spells                             Type                      Level
   *Corona                            Hexes                        1
   Sure Blade                         Hexes/Charms                 2
   *Ensorcelled Hibernation           Hexes/Ice                    2
   Confuse                            Hexes                        3
   Enslavement                        Hexes                        4
   Invisibility                       Hexes                        6


   Skills:
 * Level 2.5 Short Blades
 - Level 1.1 Throwing
 - Level 3.0 Dodging
 * Level 5.0 Stealth
 + Level 2.2 Spellcasting
 + Level 4.0 Hexes


You had 4 spell levels left.
You knew the following spells:

 Your Spells              Type           Power        Failure   Level  Hunger
a - Corona                Hex            ##.....      4%          1    #......
b - Ensorcelled Hibernat  Hex/Ice        #.....       14%         2    ##.....


Dungeon Overview and Level Annotations

Branches:
Dungeon (2/27)

Altars:


Innate Abilities, Weirdness & Mutations

You are tiny and cannot use many weapons and most armour.
You have supernaturally acute eyesight.
You are a herbivore.
You cover ground extremely quickly.
You need consume almost no food.


Message History

Aiming: Corona
Press: ? - help, Shift-Dir - straight line, f/p - adder
Aim: an adder (heavily wounded)
The adder is outlined in light.
* * * LOW HITPOINT WARNING * * *
You feel sick. The adder closely misses you.
You closely miss the adder.
The adder is heavily wounded.
The adder bites you.
* * * LOW HITPOINT WARNING * * *
You hit the adder.
The adder is severely wounded.
* * * LOW HITPOINT WARNING * * *
You feel sick. The adder bites you but does no damage.
You hit the adder.
The adder is severely wounded.
The adder misses you. The adder barely misses you.
You hit the adder.
The adder is almost dead.
You die...

#....### #........#
..)....# #........#
###..#.# #........#
.....#.# #<.......#
....%#.######.......#
.........##........)####.
...............$.........
........<.$.........####.
.....####.#.....@...#
...... .$......S...#
.....# .###.##....#
...... ..... .......
....# .###. ......... .
.# #.?...... .. #.......
. #...... ...


You could see an adder.

Vanquished Creatures
  Crazy Yiuf (D:2)
  2 adders (D:2)
  4 giant geckos
  An ooze (D:2)
  A ball python (D:1)
  2 giant cockroaches (D:1)
  6 goblins
  2 bats (D:1)
  3 giant newts (D:1)
  3 kobolds (D:1)
  4 rats (D:1)
29 creatures vanquished.

Notes
Turn   | Place    | Note
--------------------------------------------------------------
     0 | D:1      | Kae, the Spriggan Enchanter, began the quest for the Orb.
     0 | D:1      | Reached XP level 1. HP: 9/9 MP: 4/4
   145 | D:1      | Reached XP level 2. HP: 13/13 MP: 4/6
   355 | D:1      | Reached skill level 4 in Stealth
   760 | D:1      | Learned a level 2 spell: Ensorcelled Hibernation
   924 | D:2      | Reached XP level 3. HP: 16/16 MP: 0/9
  1032 | D:2      | Noticed Crazy Yiuf
  1040 | D:2      | Killed Crazy Yiuf
  1085 | D:2      | Reached skill level 5 in Stealth
  1085 | D:2      | Reached XP level 4. HP: 21/21 MP: 6/12
  1135 | D:2      | HP: 1/21 [poisoned by an adder]
  1137 | D:2      | Succumbed to an adder's poison

Action                   |  1- 3 |  4- 6 || total
-------------------------+-------+-------++-------
Melee: Dagger            |    80 |    20 ||   100
 Cast: Corona            |    14 |     2 ||    16
       Ensorcelled Hiber |     4 |     3 ||     7
 Stab: Sleeping          |     9 |     1 ||    10
